Map: [ESL] Pride of Altaris

Players

Trap

  • Race: Protoss Protoss

Astrea - Winner!

  • Race: Protoss Protoss

Event: IEM Katowice 2022

VOD

Have the link to the VOD?

Description

Time

  • Played on: Feb. 25, 2022, 10:30 a.m.
  • Length: 19:05

All games in this series

Show
View Real Time Build Order
Export as new Build Order

Trap Protoss 

Build Orders:  

Get SALT Encoding   

  12  0:00  Probe  
  13  0:12  Probe  
  14  0:18  Pylon  
  14  0:24  Probe  
  15  0:36  Probe (Chrono Boost)  
  15  0:37  Gateway  
  16  0:45  Probe (Chrono Boost)  
  16  0:46  Assimilator  
  17  0:50  Probe (Chrono Boost)  
  18  1:03  Probe (Chrono Boost)  
  19  1:04  Assimilator  
  19  1:09  Pylon  
  19  1:14  Probe (Chrono Boost)  
  20  1:20  Probe (Chrono Boost)  
  21  1:26  Cybernetics Core  
  21  1:29  Probe  
  22  1:33  Zealot  
  24  1:41  Probe  
  24  1:44  Pylon  
  25  1:53  Probe  
  26  2:01  Pylon  
  26  2:02  Warp Gate, Adept (Chrono Boost)  
  28  2:23  Stalker (Chrono Boost)  
  30  2:31  Pylon  
  29  2:41  Nexus  
  30  2:44  Probe  
  30  2:51  Robotics Facility  
  30  2:58  Probe  
  31  3:05  Sentry  
  31  3:14  Pylon  
  31  3:25  Gateway  
  31  3:32  Sentry, Probe  
  34  3:35  Warp Prism (Chrono Boost)  
  36  3:44  Probe  
  37  3:49  Gateway  
  37  3:53  Probe  
  38  3:56  Probe  
  39  4:07  Probe  
  39  4:08  Probe  
  41  4:11  Immortal (Chrono Boost)  
  45  4:19  Probe  
  45  4:20  Probe  
  47  4:27  Adept x2  
  51  4:33  Probe  
  51  4:34  Pylon  
  51  4:35  Probe  
  53  4:46  Twilight Council, Probe  
  53  4:52  Probe  
  55  4:56  Immortal  
  55  4:59  Probe  
  60  5:04  Probe  
  59  5:10  Pylon  
  59  5:11  Probe  
  60  5:16  Probe  
  60  5:20  Blink (Chrono Boost)  
  60  5:21  Gateway  
  61  5:22  Assimilator  
  61  5:23  Gateway  
  61  5:37  Stalker x3  
  61  5:40  Observer  
  68  5:43  Pylon  
  68  6:01  Immortal  
  68  6:02  Adept x2  
  73  6:09  Pylon  
  70  6:19  Probe  
  70  6:27  Probe  
  70  6:29  Stalker  
  70  6:30  Stalker x3  
  77  6:34  Pylon  
  77  6:36  Probe  
  78  6:52  Probe  
  79  6:55  Nexus  
  79  6:56  Pylon  
  79  7:01  Sentry x2, Stalker  
  85  7:16  Stalker  
  85  7:17  Stalker  
  85  7:24  Stalker x3  
  89  7:32  Observer  
  89  7:35  Pylon  
  90  7:38  Pylon  
  89  7:53  Stalker x2  
  89  7:56  Pylon  
  89  7:57  Pylon  
  93  8:15  Stalker x3  
  93  8:16  Stalker x2  
  93  8:18  Observer  
  93  8:19  Charge (Chrono Boost)  
  100  8:25  Forge  
  100  8:27  Probe  
  100  8:28  Pylon, Probe  
  100  8:29  Probe  
  101  8:43  Stalker x2  
  101  8:44  Stalker  
  101  8:45  Zealot x2  
  111  8:53  Probe x3  
  104  9:05  Probe x3  
  89  9:11  Stalker x2  
  89  9:12  Stalker, Zealot x2  
  89  9:15  Shield Battery  
  95  9:19  Immortal (Chrono Boost)  
  99  9:28  Gateway  
  99  9:31  Gateway  
  99  9:36  Shield Battery  
  99  9:47  Sentry, Stalker x3  
  99  9:48  Stalker  
  108  9:59  Probe x3  
  106  10:02  Pylon  
  104  10:11  Probe x3  
  107  10:18  Stalker x2  
  107  10:19  Stalker  
  113  10:28  Zealot x2  
  117  10:30  Pylon  
  117  10:32  Pylon  
  117  10:37  Protoss Ground Weapons Level 1 (Chrono Boost)  
  117  10:40  Zealot x3  
  117  10:41  Zealot  
  125  10:45  Assimilator  
  125  10:47  Photon Cannon  
  125  10:49  Robotics Bay  
  125  10:51  Pylon  
  123  11:06  Stalker  
  123  11:07  Stalker  
  123  11:08  Probe x3  
  129  11:18  Robotics Facility  
  129  11:20  Probe x3  
  129  11:21  Photon Cannon, Assimilator  
  131  11:28  Zealot x4  
  131  11:29  Zealot  
  131  11:30  Zealot x2  
  148  11:43  Disruptor (Chrono Boost)  
  148  11:50  Nexus  
  148  11:51  Pylon  
  146  12:02  Disruptor (Chrono Boost)  
  146  12:03  Dark Shrine  
  149  12:10  Probe x2  
  149  12:11  Probe  
  149  12:13  Photon Cannon  
  154  12:17  Warp Prism (Chrono Boost)  
  151  12:22  Probe  
  151  12:23  Probe x2  
  151  12:24  Zealot x5, Protoss Ground Weapons Level 2 (Chrono Boost)  
  163  12:35  Pylon  
  163  12:40  Pylon  
  163  12:41  Disruptor (Chrono Boost)  
  154  13:02  Probe x4  
  154  13:03  Disruptor (Chrono Boost)  
  156  13:10  Assimilator  
  156  13:11  Assimilator  
  156  13:13  Shadow Stride (Chrono Boost)  
  156  13:14  Probe  
  156  13:15  Photon Cannon  
  156  13:19  Probe x3, Disruptor (Chrono Boost)  
  160  13:25  Nexus  
  160  13:26  Probe  
  164  13:31  Disruptor  
  167  13:40  Pylon  
  165  13:46  Stalker x7  
  142  14:12  Dark Templar x2  
  142  14:13  Dark Templar x2  
  142  14:14  Disruptor x2 (Chrono Boost)  
  116  14:23  Zealot x3  
  92  14:39  Gateway  
  92  14:40  Gateway  
  92  14:41  Disruptor (Chrono Boost)  
  92  14:43  Gateway, Observer (Chrono Boost)  
  94  14:50  Stalker x2  
  94  14:51  Stalker x4, Zealot  
  104  14:53  Probe  
  101  15:04  Disruptor (Chrono Boost)  
  101  15:05  Probe  
  102  15:11  Assimilator  
  108  15:16  Zealot x5  
  108  15:17  Disruptor (Chrono Boost), Zealot x2, Probe  
  123  15:24  Gravitic Boosters  
  123  15:26  Pylon  
  123  15:37  Stalker x4  
  131  15:53  Zealot x2  
  131  15:54  Zealot  
  135  15:59  Observer x2 (Chrono Boost)  
  135  16:04  Photon Cannon  
  136  16:05  Shield Battery  
  136  16:06  Photon Cannon, Pylon  
  136  16:07  Photon Cannon  
  136  16:09  Photon Cannon, Zealot  
  133  16:21  Stalker x5  
  133  16:22  Stalker x3  
  143  16:28  Warp Prism (Chrono Boost), Disruptor (Chrono Boost)  
  115  16:55  Disruptor (Chrono Boost)  
  115  17:00  Disruptor (Chrono Boost)  
  118  17:06  Assimilator  
  118  17:07  Assimilator  
  121  17:09  Probe (Chrono Boost)  
  125  17:16  Nexus, Probe x3 (Chrono Boost)  
  125  17:18  Probe (Chrono Boost)  
  114  17:25  Disruptor (Chrono Boost)  
  111  17:33  Probe x2  
  111  17:34  Probe  
  111  17:35  Probe  
  111  17:36  Disruptor (Chrono Boost)  
  118  17:41  Zealot  
  118  17:42  Zealot  
  122  17:48  Probe x3  
  125  17:55  Nexus, Disruptor (Chrono Boost)  
  119  18:05  Disruptor (Chrono Boost)  
  117  18:13  Stalker x4, Zealot x2  
  117  18:14  Zealot x2  
  121  18:29  Disruptor (Chrono Boost)  
Show
View Real Time Build Order
Export as new Build Order

Astrea Protoss - Winner!

Build Orders: Blink Stalkers 

Get SALT Encoding   

  12  0:00  Probe  
  13  0:12  Probe  
  14  0:17  Pylon  
  14  0:24  Probe (Chrono Boost)  
  15  0:36  Probe (Chrono Boost)  
  15  0:37  Gateway  
  16  0:44  Probe (Chrono Boost)  
  16  0:46  Assimilator  
  17  0:51  Probe  
  18  1:03  Probe  
  19  1:15  Probe  
  19  1:18  Pylon  
  20  1:25  Cybernetics Core  
  20  1:27  Probe  
  20  1:28  Zealot  
  23  1:39  Probe  
  24  1:49  Assimilator  
  24  1:51  Probe  
  25  2:01  Stalker (Chrono Boost)  
  25  2:02  Warp Gate  
  25  2:04  Probe  
  28  2:12  Pylon  
  28  2:16  Probe  
  28  2:22  Stalker (Chrono Boost)  
  31  2:30  Probe  
  31  2:45  Twilight Council, Probe  
  31  2:48  Stalker  
  32  3:09  Nexus, Probe  
  33  3:16  Blink (Chrono Boost)  
  31  3:24  Gateway  
  31  3:29  Gateway  
  31  3:34  Probe  
  32  3:46  Probe  
  33  3:50  Stalker  
  35  3:58  Probe  
  36  4:04  Pylon  
  36  4:10  Probe  
  36  4:12  Shield Battery  
  37  4:22  Probe  
  37  4:23  Stalker x2  
  42  4:25  Probe  
  43  4:34  Probe (Chrono Boost)  
  43  4:37  Probe (Chrono Boost)  
  43  4:38  Sentry  
  47  4:39  Pylon  
  47  4:49  Probe (Chrono Boost)  
  47  4:50  Stalker  
  47  4:52  Probe (Chrono Boost)  
  51  4:56  Probe (Chrono Boost)  
  51  4:59  Probe (Chrono Boost)  
  51  5:04  Probe  
  51  5:06  Stalker  
  54  5:07  Phoenix  
  54  5:10  Probe  
  55  5:16  Probe  
  56  5:22  Probe  
  56  5:28  Robotics Facility, Probe  
  58  5:30  Adept x2  
  58  5:35  Probe  
  63  5:36  Stalker  
  63  5:39  Assimilator  
  65  5:43  Probe  
  65  5:48  Pylon  
  65  5:49  Probe  
  67  5:55  Probe  
  68  6:06  Probe  
  68  6:09  Probe  
  68  6:10  Stalker x3  
  72  6:18  Probe  
  70  6:21  Probe  
  71  6:31  Robotics Bay  
  71  6:32  Pylon  
  71  6:33  Stalker x3  
  71  6:37  Observer  
  71  6:38  Pylon, Assimilator  
  78  6:40  Pylon  
  78  6:45  Probe  
  78  6:50  Probe  
  79  6:55  Pylon  
  79  7:01  Nexus  
  79  7:15  Stalker x3  
  83  7:18  Observer  
  83  7:19  Disruptor (Chrono Boost)  
  83  7:27  Pylon  
  81  7:33  Pylon  
  81  7:34  Observer  
  80  7:40  Stalker x3  
  86  7:48  Disruptor (Chrono Boost)  
  87  7:52  Pylon  
  87  7:54  Forge  
  87  8:09  Nexus  
  83  8:21  Probe x2, Disruptor (Chrono Boost)  
  83  8:22  Observer  
  83  8:23  Pylon  
  83  8:24  Stalker x2, Protoss Ground Weapons Level 1 (Chrono Boost)  
  83  8:26  Stalker  
  92  8:33  Probe  
  92  8:34  Probe  
  92  8:42  Pylon  
  92  8:46  Probe  
  93  8:49  Probe  
  88  8:55  Stalker x3  
  88  8:58  Probe  
  89  9:08  Disruptor  
  90  9:15  Probe (Chrono Boost)  
  91  9:17  Probe (Chrono Boost)  
  91  9:23  Adept x2  
  91  9:24  Adept  
  98  9:26  Probe (Chrono Boost)  
  98  9:27  Probe (Chrono Boost)  
  98  9:29  Probe (Chrono Boost)  
  98  9:30  Shield Battery  
  101  9:36  Probe  
  101  9:37  Assimilator  
  102  9:39  Gateway  
  102  9:40  Gateway  
  102  9:44  Disruptor (Chrono Boost)  
  105  9:46  Observer  
  93  10:02  Stalker x3  
  95  10:07  Assimilator  
  95  10:13  Gateway  
  95  10:16  Disruptor (Chrono Boost)  
  95  10:17  Observer  
  95  10:18  Photon Cannon, Pylon  
  95  10:19  Photon Cannon  
  95  10:20  Pylon  
  95  10:21  Pylon  
  98  10:22  Probe x2  
  98  10:27  Adept x2  
  102  10:31  Stalker, Protoss Ground Weapons Level 2 (Chrono Boost)  
  103  10:45  Observer (Chrono Boost)  
  103  10:49  Stalker x4  
  112  10:55  Robotics Facility  
  112  11:02  Stalker  
  112  11:03  Disruptor (Chrono Boost)  
  115  11:13  Stalker x2  
  115  11:17  Nexus  
  117  11:20  Pylon  
  117  11:28  Probe  
  117  11:31  Probe x2  
  118  11:34  Observer (Chrono Boost)  
  118  11:39  Adept x2  
  123  11:40  Probe  
  123  11:43  Probe x2  
  123  11:45  Disruptor  
  123  11:47  Observer  
  129  11:48  Stalker x3  
  129  11:52  Probe  
  135  11:55  Probe x2  
  135  12:04  Probe  
  135  12:07  Probe x2  
  134  12:09  Stalker x3  
  134  12:12  Stalker x3  
  146  12:18  Probe  
  147  12:26  Probe x2  
  147  12:29  Probe  
  150  12:30  Probe  
  150  12:31  Photon Cannon, Shield Battery  
  150  12:35  Pylon  
  151  12:38  Stalker x3, Probe  
  151  12:42  Observer  
  154  12:59  Stalker x3  
  154  13:03  Protoss Ground Weapons Level 3 (Chrono Boost)  
  160  13:07  Probe x2  
  160  13:08  Assimilator  
  160  13:09  Assimilator  
  160  13:10  Photon Cannon  
  162  13:13  Stalker x3, Pylon  
  162  13:16  Gateway, Charge  
  162  13:17  Gateway  
  162  13:48  Nexus  
  162  13:50  Disruptor (Chrono Boost)  
  162  13:52  Photon Cannon x2, Pylon  
  162  13:54  Photon Cannon  
  162  13:55  Photon Cannon, Zealot x3  
  168  13:56  Zealot x3  
  172  14:18  Stalker  
  172  14:19  Stalker x7  
  186  14:24  Observer (Chrono Boost)  
  186  14:30  Observer  
  157  14:39  Disruptor (Chrono Boost)  
  157  14:40  Disruptor (Chrono Boost)  
  161  14:49  Photon Cannon, Probe x2  
  161  14:50  Probe x2  
  161  14:52  Photon Cannon, Shield Battery  
  162  15:00  Probe  
  162  15:01  Probe  
  162  15:02  Probe x2  
  162  15:06  Gateway x2, Forge  
  166  15:08  Probe  
  166  15:10  Dark Shrine  
  166  15:11  Disruptor (Chrono Boost)  
  166  15:12  Probe  
  166  15:13  Disruptor (Chrono Boost)  
  174  15:18  Gravitic Boosters (Chrono Boost), Probe  
  175  15:25  Assimilator  
  175  15:26  Photon Cannon, Assimilator  
  175  15:27  Pylon  
  175  15:35  Nexus  
  175  15:37  Pylon  
  175  15:41  Disruptor  
  175  15:42  Disruptor  
  181  15:45  Protoss Ground Armor Level 1 (Chrono Boost)  
  181  15:48  Protoss Shields Level 1 (Chrono Boost)  
  175  16:03  Stalker x10  
  171  16:42  Stalker x2  
  171  16:43  Stalker x8  
  171  16:44  Disruptor (Chrono Boost)  
  171  16:46  Disruptor (Chrono Boost)  
  181  16:57  Photon Cannon, Probe x5  
  181  16:58  Shield Battery  
  186  17:01  Robotics Facility  
  186  17:03  Photon Cannon  
  186  17:07  Stalker x7  
  182  17:23  Disruptor x2  
  182  17:25  Nexus  
  182  17:27  Observer  
  182  17:29  Shadow Stride (Chrono Boost)  
  184  17:37  Photon Cannon  
  184  17:38  Assimilator x2  
  184  17:39  Pylon  
  184  17:40  Pylon  
  184  17:42  Stalker x8  
  198  17:55  Gateway  
  198  17:57  Gateway  
  194  17:59  Disruptor x2  
  190  18:37  Dark Templar x2  
  194  18:41  Gateway  
  194  18:43  Gateway  
  194  18:46  Gateway  
  194  18:48  Gateway  
  174  19:03  Stalker x6  

Tags
 
Add a new tag
Caveats
  • Supply blocks, unpowered buildings, or Contaminate may cause inaccurate times.
  • Supply counts are checked every 10 seconds.